Map: Ulrena

Players

zidar - Winner!

  • Race: Zerg Zerg
  • League: Silver
  • Spawn Location: 7:00

Artax

  • Race: Protoss Protoss
  • League: Silver
  • Spawn Location: 11:00

VOD

Have the link to the VOD?

Description

Time

  • Played on: Dec. 16, 2015, 8:22 a.m.
  • Length: 25:59
Show
View Real Time Build Order
Export as new Build Order

zidar Zerg - Winner!

Build Orders: Hatch First 

Get SALT Encoding   

  12  0:02  Drone  
  13  0:12  Overlord  
  13  0:18  Drone  
  14  0:33  Drone x2  
  16  0:35  Drone  
  17  1:01  Hatchery  
  15  1:08  Drone x3  
  18  1:23  Spawning Pool  
  17  1:39  Drone  
  18  1:40  Drone  
  18  1:41  Overlord  
  19  1:51  Drone  
  20  2:05  Extractor  
  19  2:16  Roach Warren  
  19  2:18  Extractor  
  17  2:30  Zergling x4  
  17  2:31  Zergling x6  
  22  2:38  Spine Crawler  
  21  2:51  Spine Crawler  
  17  3:32  Drone x5  
  17  3:33  Drone  
  23  3:37  Queen x2  
  27  3:59  Overlord  
  27  4:00  Overlord  
  27  4:03  Hatchery  
  27  4:06  Drone x4  
  30  4:19  Queen  
  32  4:29  Extractor, Drone x4  
  35  4:35  Queen  
  37  4:39  Overlord  
  37  4:43  Drone  
  38  4:47  Drone x3  
  41  5:26  Roach x10  
  61  5:31  Roach  
  61  5:34  Overlord  
  63  5:51  Roach  
  63  5:52  Roach x4  
  63  5:55  Zergling x2  
  74  6:03  Overlord x2  
  74  6:27  Ravager  
  74  6:28  Ravager  
  74  6:31  Ravager  
  40  7:37  Lair  
  40  7:40  Queen x2  
  40  7:43  Roach  
  60  7:44  Roach x19  
  84  7:59  Spore Crawler  
  84  8:01  Spore Crawler  
  82  8:09  Drone x2  
  82  8:10  Drone x2  
  86  8:13  Drone x4  
  67  9:05  Hydralisk Den  
  61  9:10  Ravager  
  61  9:11  Ravager x3  
  61  9:12  Ravager x2  
  61  9:13  Ravager x2  
  70  9:24  Ravager  
  61  9:59  Hydralisk x4  
  57  10:00  Hydralisk x5  
  73  11:04  Spawning Pool  
  30  12:11  Hydralisk x4  
  30  12:12  Hydralisk x5  
  42  12:24  Zergling x24  
  42  12:25  Zergling x4  
  52  12:34  Drone x2  
  54  12:44  Metabolic Boost  
  54  12:56  Extractor  
  53  13:00  Drone x8  
  61  13:14  Drone x6  
  67  13:43  Hatchery  
  64  14:20  Drone x2  
  64  14:21  Drone x2  
  64  14:23  Overlord  
  64  14:24  Overlord x2  
  68  14:25  Overlord  
  68  14:52  Hydralisk Den  
  68  14:57  Roach Warren  
  68  14:59  Drone x3  
  73  15:00  Drone x4  
  73  15:03  Drone x4  
  77  15:16  Drone x3  
  77  15:19  Drone x3  
  80  16:02  Overlord x2  
  80  16:03  Overlord x4  
  77  16:25  Roach x6  
  89  16:26  Hydralisk x4  
  97  16:34  Queen  
  97  16:36  Muscular Augments  
  99  16:54  Spore Crawler  
  99  17:01  Hydralisk x3  
  98  17:02  Roach  
  98  17:03  Roach x2  
  110  17:17  Ravager  
  110  17:22  Roach x4  
  76  18:17  Hydralisk x4  
  76  18:18  Hydralisk x4  
  76  18:19  Roach, Hydralisk x3  
  82  18:23  Overseer  
  82  18:25  Overseer  
  86  18:35  Extractor x2  
  76  18:54  Roach, Hydralisk x2  
  76  18:55  Roach x12  
  78  20:24  Roach x3, Hydralisk  
  78  20:25  Roach x6  
  90  21:04  Roach, Hydralisk  
  90  21:05  Roach x2  
  98  21:52  Overlord x2  
  98  21:53  Overlord x2  
  98  22:13  Roach x2, Hydralisk  
  98  22:14  Roach x5  
  114  22:50  Hatchery  
  113  23:02  Hatchery  
  99  23:35  Hydralisk  
  99  23:36  Roach, Hydralisk x3  
  99  23:37  Hydralisk x3  
  99  23:38  Hydralisk x4  
Show
View Real Time Build Order
Export as new Build Order

Artax Protoss 

Build Orders:  

Get SALT Encoding   

  12  0:03  Probe (Chrono Boost)  
  13  0:29  Probe (Chrono Boost), Pylon  
  14  0:40  Probe (Chrono Boost)  
  15  0:47  Assimilator  
  15  0:50  Probe (Chrono Boost)  
  16  0:58  Gateway  
  16  1:05  Probe (Chrono Boost)  
  17  1:15  Probe (Chrono Boost)  
  18  1:27  Forge  
  18  1:29  Probe (Chrono Boost)  
  18  1:40  Probe (Chrono Boost)  
  18  1:47  Zealot  
  21  1:52  Pylon  
  21  2:03  Cybernetics Core  
  21  2:06  Pylon  
  21  2:13  Pylon  
  21  2:18  Pylon  
  21  2:32  Photon Cannon  
  21  2:35  Photon Cannon  
  21  2:42  Probe (Chrono Boost)  
  22  2:51  Adept  
  22  2:53  Probe (Chrono Boost)  
  25  3:18  Photon Cannon  
  25  3:20  Adept  
  25  3:25  Photon Cannon  
  27  3:34  Probe (Chrono Boost)  
  27  3:39  Assimilator  
  28  3:41  Stargate  
  28  3:45  Probe (Chrono Boost)  
  29  3:53  Stalker  
  32  3:55  Probe (Chrono Boost)  
  32  4:06  Probe (Chrono Boost)  
  33  4:22  Pylon  
  33  4:41  Probe (Chrono Boost)  
  33  4:45  Void Ray (Chrono Boost)  
  38  4:52  Probe  
  39  4:57  Pylon  
  39  5:03  Zealot  
  41  5:15  Probe  
  42  5:22  Robotics Facility  
  42  5:25  Pylon  
  42  5:27  Void Ray (Chrono Boost), Probe  
  47  5:48  Pylon  
  47  5:56  Adept  
  49  6:03  Probe  
  49  6:04  Void Ray (Chrono Boost)  
  54  6:06  Pylon  
  54  6:09  Pylon  
  55  6:11  Observer  
  55  6:16  Probe  
  56  6:24  Adept  
  58  6:28  Pylon  
  57  6:46  Mothership Core (Chrono Boost)  
  59  6:48  Immortal  
  49  7:35  Void Ray (Chrono Boost)  
  53  8:02  Adept  
  55  8:06  Immortal  
  55  8:08  Probe  
  55  8:12  Nexus  
  60  8:13  Pylon  
  60  8:20  Probe  
  61  8:29  Adept  
  61  8:32  Probe  
  64  8:40  Nexus  
  60  8:56  Adept  
  62  10:06  Void Ray (Chrono Boost)  
  66  10:09  Immortal  
  66  10:43  Void Ray (Chrono Boost)  
  66  10:48  Probe, Immortal  
  75  10:59  Probe  
  75  11:03  Probe  
  76  11:10  Probe  
  77  11:12  Adept  
  77  11:13  Probe  
  81  11:24  Probe  
  81  11:25  Pylon  
  82  11:34  Void Ray (Chrono Boost), Probe  
  82  11:35  Gateway  
  82  11:39  Adept  
  44  12:18  Void Ray (Chrono Boost)  
  46  12:33  Probe  
  47  12:44  Probe  
  47  12:46  Warp Gate (Chrono Boost)  
  46  12:54  Probe  
  46  12:56  Void Ray (Chrono Boost)  
  51  13:01  Twilight Council  
  51  13:14  Probe  
  48  13:24  Probe  
  49  13:35  Probe  
  38  14:15  Dark Shrine  
  38  14:17  Adept x2  
  42  14:46  Pylon  
  42  14:48  Gateway  
  42  14:51  Gateway  
  42  14:59  Pylon  
  42  15:07  Assimilator  
  42  15:11  Pylon  
  42  15:18  Assimilator  
  42  15:43  Dark Templar x2  
  46  16:16  Dark Templar  
  46  16:17  Dark Templar x3  
  54  16:53  Probe x2  
  55  16:57  Assimilator  
  56  17:01  Assimilator  
  56  17:03  Probe  
  56  17:04  Pylon  
  56  17:05  Probe, Pylon  
  56  17:07  Pylon  
  58  17:14  Probe  
  59  17:17  Probe  
  59  17:18  Gateway  
  59  17:22  Stalker x4  
  68  17:26  Void Ray  
  72  17:34  Probe  
  73  17:46  Probe  
  66  17:55  Dark Templar  
  63  17:58  Probe  
  62  18:09  Void Ray  
  66  18:29  Zealot  
  66  18:30  Zealot x3  
  74  18:52  Void Ray  
  70  19:20  Stalker  
  70  19:21  Stalker x3  
  78  19:26  Archon x3  
  78  19:32  Probe  
  78  19:37  Robotics Facility  
  79  19:41  Robotics Facility  
  79  19:42  Probe  
  79  19:43  Robotics Bay  
  52  19:53  Probe  
  45  20:02  Stalker x2  
  45  20:03  Probe, Stalker x3  
  46  20:40  Zealot x3  
  46  20:41  Zealot  
  54  20:43  Zealot  
  48  21:04  Colossus x2 (Chrono Boost)  
  56  21:18  Zealot x2  
  58  21:23  Zealot  
  66  21:43  Zealot  
  66  21:44  Zealot  
  66  21:47  Colossus  
  66  21:53  Colossus  
  78  22:05  Zealot  
  79  22:28  Zealot  
  81  22:34  Colossus  
  64  24:07  Immortal  
  64  24:08  Immortal  
  46  24:44  Pylon  
  46  24:45  Pylon  
  46  24:46  Pylon  
  46  24:47  Pylon  
  46  24:54  Gateway  
  46  24:57  Immortal  
  46  24:58  Gateway  
  46  25:02  Immortal, Pylon  
  46  25:03  Pylon  
  46  25:04  Pylon  
  53  25:09  Pylon  
  53  25:10  Pylon  
Tags
 
Matchup
PvZ
Spawn Locations
Close Positions
Add a new tag
Caveats
  • Supply blocks, unpowered buildings, or Contaminate may cause inaccurate times.
  • Supply counts are checked every 10 seconds.